 Dungeon Crawl Stone Soup version 0.29.1-15-g9cfb28693d (webtiles) character file.

Game seed: 13662891168780866942

4248 Smoke131 the Fighter (level 10, -5/91 HPs)
             Began as a Ghoul Monk on Mar 1, 2023.
             Was a Believer of Okawaru.
             Killed from afar by a wretched star (30 damage)
             ... with a lance of force
             ... on level 1 of the Abyss.
             The game lasted 00:23:43 (8295 turns).

Smoke131 the Fighter (Ghoul Monk)                   Turns: 8295, Time: 00:23:43

Health: -5/91      AC: 11    Str: 20    XL:     10   Next: 31%
Magic:  10/10      EV: 11    Int:  9    God:    Okawaru [**....]
Gold:   575        SH:  5    Dex: 11    Spells: 9/9 levels left

rFire   . . .      SeeInvis .     - Unarmed
rCold   + . .      Faith    .   i - +0 buckler
rNeg    + + +      Spirit   .   w - +4 ring mail of the Many Tables {rPois Regen+ Int+4}
rPois   ∞          Reflect  .   d - +0 helmet
rElec   .          Harm     .   (no cloak)
rCorr   .          Rampage  .   (no gloves)
Will    .....                   (no boots)
Stlth   +.........              (no amulet)
HPRegen 0.00/turn               (no ring)
MPRegen 0.12/turn               (no ring)

@: inhibited regen
A: claws 1, cold resistance 1, negative energy resistance 3, inhibited
regeneration, torment resistance 2, devour on kill
a: Renounce Religion, Heroism


You were on level 1 of the Abyss.
You worshipped Okawaru.
Okawaru was pleased with you.
You visited 2 branches of the dungeon, and saw 9 of its levels.
You visited the Abyss 1 time.

You collected 575 gold pieces.

Inventory:

Missiles
 z - 2 throwing nets (quivered)
Armour
 d - a +0 helmet (worn)
 i - a +0 buckler (worn)
 w - the +4 ring mail of the Many Tables (worn) {rPois Regen+ Int+4}
   (You found it on level 5 of the Dungeon)

   Int:       It affects your intelligence (+4).
   rPois:     It protects you from poison.
   Regen:     It increases your rate of health regeneration.
Jewellery
 a - a ring of fire
 f - a ring of willpower
 o - an amulet of faith
Wands
 h - a wand of polymorph (2)
 k - a wand of digging (3)
 p - a wand of iceblast (4)
 r - a wand of flame (5)
Scrolls
 j - a scroll of immolation
 t - a scroll of blinking
Potions
 b - 3 potions of ambrosia
 c - a potion of brilliance
 e - 3 potions of resistance
 g - 2 potions of heal wounds
 l - 3 potions of cancellation
 m - 5 potions of curing
 n - 2 potions of flight
 q - a potion of lignification
 x - 3 potions of mutation


   Skills:
 + Level 9.6 Fighting
 + Level 6.1 Armour
 - Level 2.6 Dodging
 - Level 2.1 Stealth
 - Level 5.0 Shields
 + Level 9.5 Unarmed Combat
 + Level 2.1 Invocations


You had 9 spell levels left.
You didn't know any spells.
Your spell library contained the following spells:

 Spells                   Type           Power      Damage    Failure   Level
 Shock                    Conj/Air       0%         1d3       63%         1
 Poisonous Vapours        Pois/Air       0%         N/A       77%         2
 Inner Flame              Hex/Fire       0%         N/A       94%         3
 Swiftness                Air            0%         N/A       94%         3
 Airstrike                Air            0%         2d(0-16)  100%        4
 Anguish                  Hex/Necr       0%         N/A       100%        4
 Cause Fear               Hex            0%         N/A       100%        4
 Corpse Rot               Necr/Pois/Air  0%         N/A       100%        4
 Petrify                  Tmut/Erth      0%         N/A       100%        4
 Irradiate                Conj/Tmut      0%         3d11      100%        5
 Enfeeble                 Hex            0%         N/A       100%        7
 Discord                  Hex            0%         N/A       100%        8
 Sublimation of Blood     Necr           Unusable   N/A       N/A         2

Dungeon Overview and Level Annotations

Branches:
Dungeon (8/15)             Temple (1/1) D:7
   Lair: D:8-11

Altars:
Ashenzari
Dithmenos
Fedhas
Makhleb
Nemelex Xobeh
Okawaru
Qazlal
Ru
Trog
Uskayaw
Vehumet
Wu Jian
Xom

Shops:
D:5 *

Annotations:
D:8 Psyche


Innate Abilities, Weirdness & Mutations

You are immune to poison.
You have sharp fingernails.
Your flesh is cold resistant. (rC+)
You are immune to negative energy. (rN+++)
You do not regenerate when monsters are visible.
You are immune to unholy pain and torment.
You thrive by killing the living.


Message History

The ufetubus shouts!
An apocalypse crab comes into view.
The apocalypse crab breathes chaos at you.
The blast of chaos engulfs you. The ufetubus attacks as you move away!
The ufetubus closely misses you.
The ufetubus hits you but does no damage.
You are engulfed in seething chaos.
You fade into invisibility!
The ufetubus is engulfed in seething chaos.
The ufetubus is engulfed in seething chaos. x2
The ufetubus closely misses you. The ufetubus barely misses you.
A large abomination comes into view.
An ancient zyme comes into view.
The ufetubus closely misses you.
The ufetubus hits you but does no damage.
The ufetubus barely misses you. The ufetubus closely misses you.
The apocalypse crab breathes chaos at you.
The blast of chaos engulfs you.
The ufetubus is engulfed in seething chaos.
The ufetubus suddenly stops moving!
The ufetubus is engulfed in seething chaos.
The apocalypse crab breathes chaos at you.
The blast of chaos engulfs you!
You blink.
A small abomination comes into view.
You flicker for a moment.
The apocalypse crab closely misses you.
The apocalypse crab claws you but does no damage.
A smoke demon comes into view.
The blizzard demon gestures at you. The bolt of cold hits you. You resist.
The blizzard demon gestures at you. The bolt of cold hits you! You resist.
You flicker back into view.
The blizzard demon gestures at you. The bolt of lightning hits you!!
* * * LOW HITPOINT WARNING * * *
A wretched star comes into view.
The wretched star glows turbulently.
The lance of force hits you!!
You die...

.. # .# # #. . ..#
## #. .#. #... . #.
#.##.# #... .
..#.###.#.####..#...
# .....#.......##...
#. #...##2..*#..#
#### .....#...# .##.
#.#... ##.#@# .#.
.#..# .##..##...#
... ..#.X..##.#.
##.# #X##.#.....#. #
# #t.#t5.#...3#
#.....###....
.#...## .##.# ## #
...# .# .# . #. #. #
.


You could see a wretched star and a blizzard demon.

Vanquished Creatures
  Joseph (D:8)
  Prince Ribbit (D:7)
  An acid dragon (D:8)
  A water moccasin (D:7)
  An orc warrior (D:6)
  2 ice beasts (D:6)
  2 sky beasts
  2 black bears (D:6)
  5 ogres
  2 centaurs
  2 phantoms
  2 kobold brigands
  4 necrophages
  2 bullfrogs
  4 scorpions
  12 wights
  3 hounds (D:5)
  4 jellies
  5 orc priests
  2 iguanas (D:5)
  8 orc wizards
  5 gnolls
  9 adders
  A white imp (D:6)
  An ufetubus (D:6)
  A worm (D:2)
  2 dart slugs
  19 orcs
  2 ball pythons
  An endoplasm (D:3)
  4 giant cockroaches
  8 goblins
  9 hobgoblins
  9 kobolds
  4 quokkas
  3 bats (D:1)
  4 frilled lizards
  6 rats
154 creatures vanquished.

Vanquished Creatures (others)
  2 plants (D:1)
  4 starspawn tentacles (Abyss:1)
6 creatures vanquished.

Grand Total: 160 creatures vanquished

Notes
Turn   | Place    | Note
-------+----------+-------------------------------------------
     0 | D:1      | Smoke131 the Ghoul Monk began the quest for the Orb.
     0 | D:1      | Reached XP level 1. HP: 19/19 MP: 0/0
   183 | D:1      | Reached XP level 2. HP: 26/26 MP: 1/1
   273 | D:1      | Reached XP level 3. HP: 15/33 MP: 2/2
  1358 | D:2      | Reached XP level 4. HP: 10/41 MP: 3/3
  1958 | D:3      | Noticed an ogre
  2497 | D:3      | Reached skill level 5 in Fighting
  2497 | D:3      | Reached skill level 5 in Unarmed Combat
  2497 | D:3      | Reached XP level 5. HP: 24/48 MP: 4/4
  2827 | D:3      | Killed an ogre
  2931 | D:4      | Reached XP level 6. HP: 51/56 MP: 5/5
  3216 | D:4      | Found a radiant altar of Vehumet.
  3216 | D:4      | Found a bloodstained altar of Trog.
  3820 | D:5      | Entered Level 5 of the Dungeon
  3864 | D:5      | Reached skill level 1 in Armour
  3864 | D:5      | Reached skill level 1 in Shields
  3864 | D:5      | Reached XP level 7. HP: 42/63 MP: 6/6
  4785 | D:5      | Identified the +4 ring mail of the Many Tables {rPois
                  | Regen+ Int+4}
  4832 | D:5      | Reached XP level 8. HP: 71/71 MP: 7/7
  4899 | D:5      | Found Qyleisib's Assorted Antiques.
  5754 | D:6      | Reached XP level 9. HP: 77/81 MP: 8/8
  5903 | D:6      | Found a sparkling altar of Nemelex Xobeh.
  6192 | D:6      | Found a broken altar of Ashenzari.
  6708 | D:6      | Reached skill level 5 in Armour
  6708 | D:6      | Reached skill level 5 in Shields
  7105 | D:7      | Found a staircase to the Ecumenical Temple.
  7135 | D:7      | Noticed Prince Ribbit
  7168 | D:7      | Killed Prince Ribbit
  7169 | D:7      | Reached XP level 10. HP: 43/91 MP: 9/9
  7431 | Temple   | Entered the Ecumenical Temple
  7439 | Temple   | Became a worshipper of Warmaster Okawaru
  7439 | Temple   | Reached * piety under Okawaru
  7439 | Temple   | Reached ** piety under Okawaru
  7618 | D:8      | Noticed Joseph
  7623 | D:8      | Reached skill level 1 in Invocations
  7690 | D:8      | Killed Joseph
  7964 | D:8      | Noticed Psyche
  8105 | Abyss:1  | Cast into level 1 of the Abyss (Psyche)
  8109 | Abyss:1  | Found a corrupted altar of Lugonu.
  8142 | Abyss:1  | Noticed an eidolon
  8224 | Abyss:1  | Noticed a blizzard demon
  8228 | Abyss:1  | Noticed a tentacled starspawn
  8259 | Abyss:1  | Noticed a tentacled starspawn
  8275 | Abyss:1  | Noticed an apocalypse crab
  8279 | Abyss:1  | Noticed a large abomination
  8286 | Abyss:1  | Noticed a smoke demon
  8292 | Abyss:1  | Noticed a wretched star
  8295 | Abyss:1  | Killed from afar by a wretched star

Illustrated notes

Levels and vault maps discovered:
D:1:      minmay_arrival_nine_rooms, layout_loops_ring, nicolae_grassy_gnolls
D:2:      layout_basic
D:3:      layout_rooms, nrook_campfire
D:4:      layout_loops_cross, nicolae_overflow_two_pavilions
D:5:      kennysheep_spiral_hall, layout_loops_corners, serial_shops,
          nicolae_shop_behind_doors, minmay_fractal_squares_gapless_5
D:6:      layout_basic, mainiacjoe_overflow_big_doors
D:7:      layout_cave_pools, temple_hall, grunt_ogre_cave, uniq_prince_ribbit1
D:8:      layout_basic, uniq_joseph, uniq_psyche
Temple:   nicolae_temple_two_arcs
Abyss:1:  base:
D:1

Skill      XL: |  1  2  3  4  5  6  7  8  9 10 |
---------------+-------------------------------+-----
Fighting       | 4 5 6 7 9 |  9.6
Unarmed Combat | 4 5 6 7 9 |  9.5
Armour         | 1 2 3 5 6 |  6.1
Shields        | 1 2 3 5 |  5.0
Invocations    | 2 |  2.1
Dodging        | |  2.6
Stealth        | |  2.1

Action                   |  1- 3 |  4- 6 |  7- 9 | 10-12 || total
-------------------------+-------+-------+-------+-------++-------
Melee: Unarmed           |   107 |   144 |   416 |    59 ||   726
       Punch             |     2 |     5 |       |       ||     7
Evoke: Wand              |       |     3 |     6 |       ||     9
  Use: Potion            |     3 |       |     3 |       ||     6
       Scroll            |     1 |    10 |     2 |     7 ||    20
 Stab: Sleeping          |     1 |     2 |     1 |       ||     4
Armor: Robe              |    15 |       |       |       ||    15
       Ring mail         |       |    23 |   109 |    23 ||   155
       Plate armour      |       |    21 |    28 |       ||    49
Dodge: Dodged            |    72 |    58 |   156 |    29 ||   315
Block: Buckler           |       |     2 |    77 |    12 ||    91
